Map: Pylon LE

Players

Greenert

  • Race: Terran Terran
  • Spawn Location: 5:00

A.I. 1 (Very Easy) - Winner!

  • Race: Protoss Protoss
  • Spawn Location: 11:00

VOD

Have the link to the VOD?

Description

Time

  • Played on: Sept. 1, 2025, 9:54 a.m.
  • Length: 3:31
Show
View Real Time Build Order
Export as new Build Order

Greenert Terran 

Build Orders: Cyclone Opening 

Get SALT Encoding   

  12  0:00  SCV  
  13  0:12  SCV  
  14  0:16  Supply Depot  
  14  0:24  SCV  
  14  0:27  Refinery  
  15  0:38  SCV  
  16  0:43  Barracks  
  16  0:50  SCV  
  17  1:02  SCV  
  18  1:14  SCV  
  19  1:30  Factory, Orbital Command, Marine  
  19  1:32  Supply Depot  
  20  1:48  Barracks Reactor  
  20  1:56  SCV  
  21  2:06  Command Center  
  21  2:09  SCV  
  21  2:13  Factory Tech Lab  
  22  2:21  SCV  
  23  2:24  Marine x2  
  23  2:26  Supply Depot  
  25  2:32  Cyclone  
  25  2:36  SCV  
  29  2:42  Marine x2  
  31  2:44  Refinery  
  31  2:48  SCV  
  32  3:00  SCV, Marine x2  
  38  3:15  SCV  
  39  3:21  Barracks  
Show
View Real Time Build Order
Export as new Build Order

A.I. 1 (Very Easy) Protoss - Winner!

Build Orders:  

Get SALT Encoding   

  12  0:00  Probe  
  13  0:13  Probe  
  14  0:19  Pylon  
  14  0:36  Assimilator  
  14  0:42  Gateway  
  14  0:45  Pylon  
  14  1:14  Assimilator  
  14  1:23  Zealot  
  14  1:24  Probe  
  14  1:31  Cybernetics Core  
  14  1:32  Probe  
  18  1:42  Probe  
  19  1:54  Probe  
  20  2:02  Probe  
  21  2:10  Probe  
  22  2:33  Stalker  
Tags
 
Matchup
PvT
Spawn Locations
Cross Positions
Add a new tag
Caveats
  • Supply blocks, unpowered buildings, or Contaminate may cause inaccurate times.
  • Supply counts are checked every 10 seconds.